 Dungeon Crawl Stone Soup version 0.28-a0-1038-g9c4cb8273d (webtiles) character file.

Game seed: 8424241233793588742

627 Lavandula the Bolt Thrower (level 7, -1/60 HPs)
             Began as a Naga Arcane Marksman on Dec 8, 2021.
             Killed from afar by an orc wizard (8 damage)
             ... with a magic dart
             ... on level 4 of the Dungeon.
             The game lasted 00:09:45 (4094 turns).

Lavandula the Bolt Thrower (Naga Arcane Marksman)   Turns: 4094, Time: 00:09:47

Health: -1/60      AC:  3    Str: 15    XL:     7   Next: 47%
Magic:  8/8        EV:  9    Int: 13    God:
Gold:   87         SH:  0    Dex: 11    Spells: 4/8 levels left

rFire   . . .      SeeInvis +   a - +0 hand crossbow
rCold   . . .      Faith    .   (no shield)
rNeg    . . .      Spirit   .   d - +0 robe
rPois   +          Reflect  .   (no helmet)
rElec   .          Harm     .   (no cloak)
rCorr   .          Rampage  .   (no gloves)
Will    .....                   (no barding)
Stlth   +.........              (no amulet)
HPRegen 0.20/turn               (no ring)
MPRegen 0.11/turn               (no ring)

@: short of breath, very slow
A: AC +2, large, see invisible, deformed body, poison resistance, slowness 2,
spit poison 1, naga tail 1
a: Spit Poison


You were on level 4 of the Dungeon.
You visited 1 branch of the dungeon, and saw 4 of its levels.

You collected 191 gold pieces.
You spent 104 gold pieces at shops.

Inventory:

Hand Weapons
 a - a +0 hand crossbow (weapon)
 k - a +2 dagger of electrocution
 t - a +4 flail of venom
Missiles
 c - 13 bolts (quivered ammo)
Armour
 d - a +0 robe (worn)
 f - a +0 kite shield
Wands
 s - a wand of mindburst (4)
Scrolls
 g - a scroll of blinking {unknown}
 i - 3 scrolls of enchant armour
 m - a scroll of teleportation
 n - 2 scrolls of noise
 o - a scroll of immolation
 p - a scroll of identify
 q - a scroll of vulnerability {unknown}
 r - a scroll of fear {unknown}
Potions
 e - a potion of flight
 j - 3 potions of attraction {unknown}
 l - 3 potions of haste {unknown}


   Skills:
 - Level 2.1 Fighting
 - Level 5.0 Short Blades
 + Level 1.1 Maces & Flails
 - Level 5.1 Crossbows
 - Level 1.5 Dodging
 - Level 1.0 Spellcasting
 - Level 3.0 Hexes


You had 4 spell levels left.
You knew the following spells:

 Your Spells              Type           Power      Damage    Failure   Level
a - Slow                  Hex            32%        N/A       9%          1
b - Inner Flame           Hex/Fire       4%         N/A       41%         3

Your spell library contained the following spells:

 Spells                   Type           Power      Damage    Failure   Level
 Confusing Touch          Hex            8%         N/A       24%         3
 Beastly Appendage        Tmut           0%         N/A       28%         1
 Wereblood                Tmut           0%         N/A       38%         2
 Portal Projectile        Hex/Tloc       8%         N/A       41%         3
 Spider Form              Tmut/Pois      0%         N/A       63%         3
 Vampiric Draining        Necr           0%         2d6       63%         3
 Cause Fear               Hex            4%         N/A       63%         4


Dungeon Overview and Level Annotations

Branches:
Dungeon (4/15)
 Temple: D:4-7

Altars:
Uskayaw

Shops:
D:3 ?[


Innate Abilities, Weirdness & Mutations

Your serpentine skin is tough. (AC +2)
You have supernaturally acute eyesight. (SInv)
Armour fits poorly on your strangely shaped body.
Your system is resistant to poisons. (rPois)
You cover ground very slowly.
You can spit poison.
You have a snake-like lower body.


Message History

The bolt completely misses the orc wizard.
The bolt hits the orc priest.
You kill the orc priest!
You have got your breath back.
The orc wizard hits you with a +0 dagger.
Your Maces & Flails skill increases to level 1!
Unknown command.
Fire: 15 bolts
Press: ? - help, Q - select action, (/) - cycle Shift-Dir - straight line, f - orc wizard
Aim: an orc wizard, wielding a +0 dagger and wearing a +0 robe (severely wounded, slightly transparent, poisoned, 56% to hit)
You shoot a bolt. The bolt misses the orc wizard.
The bolt hits the worm!
The worm is almost dead.
The orc wizard casts a spell at you. The puff of flame hits you!
* * * LOW HITPOINT WARNING * * *
Fire: 14 bolts
Press: ? - help, Q - select action, (/) - cycle Shift-Dir - straight line, f/p - orc wizard
Aim: an orc wizard, wielding a +0 dagger and wearing a +0 robe (severely wounded, slightly transparent, poisoned, 56% to hit)
You shoot a bolt. The bolt closely misses the orc wizard.
The bolt hits the worm!
You kill the worm!
The orc wizard looks more healthy.
The orc wizard points at you and mumbles some strange words.
You easily resist.
The orc wizard hits you with a +0 dagger.
* * * LOW HITPOINT WARNING * * *
Aiming: Spit Poison (1% risk of failure)
Press: ? - help, Shift-Dir - straight line, f/p - orc wizard
Aim: an orc wizard, wielding a +0 dagger and wearing a +0 robe (severely wounded, slightly transparent)
The splash of poison misses the orc wizard.
The orc wizard hits you but does no damage.
Unknown command.
Okay, then.
Aiming: Mindburst
Press: ? - help, Shift-Dir - straight line, f/p - orc wizard
Aim: an orc wizard, wielding a +0 dagger and wearing a +0 robe (severely wounded, slightly transparent, chance to affect: 65%)
The orc wizard struggles to resist.
The orc wizard casts a spell at you. The magic dart hits you!
You die...

## .# .# .# .# .# ######### .#
#...(...##########
.#######......)##.......# ####
.........(....(o@.).....+ ....
.#####......#####.......# #.. .#
#...... #.......# #.. .# #......
#.......# . .# #...... #.......#
#' .# ####### #.......########.
.#######################.........
.................................
......................##.###.....


You could see an orc wizard (invisible).

Vanquished Creatures
  Edmund (D:4)
  An ogre (D:4)
  A water moccasin skeleton (D:4)
  A jelly (D:2)
  2 orc priests
  An orc wizard (D:3)
  A hound zombie (D:4)
  Robin (D:2)
  4 gnolls (D:3)
  11 adders
  A dart slug (D:1)
  3 worms
  6 orcs
  5 bats
  10 endoplasms
  4 giant cockroaches
  17 goblins
  6 hobgoblins
  7 kobolds
  8 ball pythons
  10 frilled lizards
  2 rats
103 creatures vanquished.

Notes
Turn   | Place    | Note
-------+----------+-------------------------------------------
     0 | D:1      | Lavandula the Naga Arcane Marksman began the quest for the
                  | Orb.
     0 | D:1      | Reached XP level 1. HP: 18/18 MP: 2/2
   175 | D:1      | Reached XP level 2. HP: 25/25 MP: 3/3
   561 | D:1      | Reached XP level 3. HP: 31/31 MP: 4/4
   783 | D:2      | Reached skill level 1 in Short Blades
   867 | D:2      | Found a hide-covered altar of Uskayaw.
   871 | D:2      | Reached XP level 4. HP: 38/38 MP: 5/5
  1109 | D:2      | Noticed Robin
  1124 | D:2      | Killed Robin
  1367 | D:2      | Reached XP level 5. HP: 44/44 MP: 6/6
  1556 | D:3      | Found Vonai's Armour Shop.
  1787 | D:3      | Found a faded altar of an unknown god.
  1892 | D:3      | Found Era Xivo's Magic Scroll Boutique.
  1899 | D:3      | Bought a scroll of teleportation for 33 gold pieces
  1899 | D:3      | Bought a scroll of identify for 22 gold pieces
  1899 | D:3      | Bought a scroll of noise for 11 gold pieces
  2161 | D:3      | Reached XP level 6. HP: 41/51 MP: 7/7
  2447 | D:3      | Reached skill level 5 in Crossbows
  2817 | D:3      | Bought a scroll of immolation for 38 gold pieces
  2896 | D:4      | Noticed Edmund
  3205 | D:4      | Learned a level 3 spell: Inner Flame
  3697 | D:4      | Killed Edmund
  3698 | D:4      | Reached XP level 7. HP: 57/57 MP: 8/8
  3777 | D:4      | Reached skill level 5 in Short Blades
  4091 | D:4      | Reached skill level 1 in Maces & Flails
  4094 | D:4      | Killed from afar by an orc wizard

Illustrated notes

Levels and vault maps discovered:
D:1:      dpeg_arrival_oval, layout_basic
D:2:      layout_basic, basic_altar, uniq_robin
D:3:      layout_loops_ring, ebering_ecumenical_altar_webs, serial_shops,
          shop_statue, shop
D:4:      layout_basic, uniq_edmund

Skill      XL: |  1  2  3  4  5  6  7 |
---------------+----------------------+-----
Crossbows      | 2 3 4 5 |  5.1
Short Blades   | 2 3 4 5 |  5.0
Fighting       | 2 |  2.1
Maces & Flails | 1 |  1.1
Dodging        | |  1.5
Spellcasting   | |  1.0
Hexes          | |  3.0

Action                   |  1- 3 |  4- 6 |  7- 9 || total
-------------------------+-------+-------+-------++-------
Melee: Dagger            |     8 |   116 |    14 ||   138
       Flail             |       |       |     2 ||     2
 Fire: Hand crossbow     |    39 |    46 |     8 ||    93
 Abil: Spit Poison       |    15 |    29 |     7 ||    51
Evoke: Wand              |       |     4 |     1 ||     5
  Use: Potion            |       |     2 |     2 ||     4
       Scroll            |       |     5 |       ||     5
 Stab: Sleeping          |       |     1 |       ||     1
Armor: Robe              |     3 |    16 |     7 ||    26
       Skin              |       |       |     2 ||     2
Dodge: Dodged            |    13 |    43 |     6 ||    62

Table legend: (Time is in decaauts)
 A = Elapsed time spent in this place.
 B = Non-inter-level travel time spent in this place.
 C = Inter-level travel time spent in this place.
 D = Time resting spent in this place.
 E = Time spent auto-exploring this place.
 F = Levels seen in this place.
 G = Mean time per level.
                   A        B        C        D        E       F      G
               +--------+--------+--------+--------+--------+-----+--------+
         Total |   4847 |   4767 |     80 |    725 |   3315 |   4 | 1211.8 |
       Dungeon |   4847 |   4767 |     80 |    725 |   3315 |   4 | 1211.8 |
               +--------+--------+--------+--------+--------+-----+--------+

Top non-repeatable levels by time:
     D:3: 1697 daAuts
     D:4: 1439 daAuts
     D:1: 862 daAuts
     D:2: 848 daAuts
